 Dungeon Crawl Stone Soup version 0.19-a0-1487-g96ce7ed (webtiles) character file.

9129 Drak the Destroyer (level 11, -2/64 HPs)
             Began as an Octopode Conjurer on Sept 7, 2016.
             Was a Believer of Hepliaklqana.
             Slain by a wolf (12 damage)
             ... on level 1 of the Lair of Beasts.
             The game lasted 00:56:20 (12491 turns).

Drak the Destroyer (Octopode Conjurer)             Turns: 12491, Time: 00:56:20

Health: -2/64      AC:  1    Str: 11    XL:     11   Next: 41%
Magic:  5/22       EV: 16    Int: 20    God:    Hepliaklqana [**....]
Gold:   71         SH:  0    Dex: 15    Spells: 6 memorised, 7 levels left

rFire  . . .     SeeInvis .     F - staff of wizardry
rCold  . . .     Gourm    .     (no shield)
rNeg   . . .     Faith    .     (helmet restricted)
rPois  .         Spirit   .     g - amulet of harm
rElec  .         Dismiss  .     m - ring of wizardry
rCorr  .         Reflect  .     i - +3 ring of strength
MR     .....     Harm     +     L - +2 ring of dexterity
Stlth  ++++......               (no ring)
                                (no ring)
                                (no ring)
                                (no ring)
                                (no ring)

@: no status effects
A: almost no armour, stealthy swim, amphibious, 8 rings, constrict 8, camouflage
1, gelatinous body 1
a: Recall Ancestor, Ancestor Identity, Renounce Religion


You were on level 1 of the Lair of Beasts.
You worshipped Hepliaklqana.
Hepliaklqana was pleased with you.
You were not hungry.

You visited 3 branches of the dungeon, and saw 12 of its levels.

You collected 591 gold pieces.
You spent 520 gold pieces at shops.

Inventory:

Hand Weapons
 n - a +1 dagger
 w - a +3 hand axe of electrocution
 H - a +1 whip of electrocution
 O - a +0 blowgun
Missiles
 e - 58 poisoned needles
 l - 5 needles of sleeping
Magical Staves
 F - an uncursed staff of wizardry (weapon)
Jewellery
 g - an amulet of harm (around mantle)
 i - a +3 ring of strength (right tentacle)
 m - a ring of wizardry (left tentacle)
 L - a +2 ring of dexterity (on tentacle)
Wands
 f - a wand of disintegration (11/24)
 q - a wand of lightning (7/15)
 r - a wand of slowing (20/48)
 B - a wand of flame (19/48)
 G - a wand of teleportation (3/9)
 P - a wand of flame (38/48)
Scrolls
 c - 4 scrolls of remove curse
 o - 4 scrolls of noise
 p - 3 scrolls of recharging
 s - 2 scrolls of teleportation
 v - 4 scrolls of identify
 y - a scroll of fog
Potions
 t - 3 potions of curing
 z - a potion of might
 A - a potion of cancellation
 D - 2 potions of agility
 I - a potion of haste
 K - a potion of brilliance {unknown}
 M - 3 potions of heal wounds
 Q - a potion of flight {unknown}
Books
 a - a book of Conjurations

   Spells                             Type                      Level
   a - Magic Dart                     Conjuration                  1
   b - Searing Ray                    Conjuration                  2
   c - Dazzling Spray                 Conjuration/Hexes            3
   d - Fulminant Prism                Conjuration/Hexes            4
   e - Iskenderun's Mystic Blast      Conjuration                  4
   f - Iskenderun's Battlesphere      Conjuration/Charms           5
 C - a book of Changes

   Spells                             Type                      Level
   a - Beastly Appendage              Transmutation                1
   b - Sticks to Snakes               Transmutation                2
   c - Spider Form                    Transmutation/Poison         3
   d - Ice Form                       Ice/Transmutation            4
   e - Blade Hands                    Transmutation                5
 R - a book of Geomancy

   Spells                             Type                      Level
   a - Sandblast                      Earth                        1
   b - Passwall                       Transmutation/Earth          2
   c - Stone Arrow                    Conjuration/Earth            3
   d - Petrify                        Transmutation/Earth          4
   e - Lee's Rapid Deconstruction     Earth                        5
Comestibles
 b - 11 bread rations
 d - 9 slices of pizza
 h - 3 meat rations
 x - 14 fruits


   Skills:
 - Level 6.1 Fighting
 - Level 2.7 Short Blades
 - Level 5.0 Dodging
 - Level 4.1 Stealth
 + Level 7.9 Spellcasting
 - Level 11.0 Conjurations
 - Level 4.4 Hexes
 - Level 4.3 Charms
 - Level 4.2 Invocations


You had 7 spell levels left.
You knew the following spells:

 Your Spells              Type           Power        Failure   Level  Hunger
a - Magic Dart            Conj           ####         1%          1    None
b - Searing Ray           Conj           ######       1%          2    None
c - Dazzling Spray        Conj/Hex       #####.       1%          3    None
d - Fulminant Prism       Conj/Hex       #####.....   1%          4    ###....
e - Iskenderun's Battles  Conj/Chrm      #####...     3%          5    #####..
f - Stone Arrow           Conj/Erth      ####..       1%          3    None


Dungeon Overview and Level Annotations

Branches:
Dungeon (10/15)            Temple (1/1) D:6            Lair (1/6) D:8
    Orc: D:9-12

Altars:
Ashenzari
Dithmenos
Elyvilon
Fedhas
Gozag
Hepliaklqana
Kikubaaqudgha
Nemelex Xobeh
Okawaru
Qazlal
Ru
Sif Muna
Trog
Uskayaw
Vehumet
Xom
Yredelemnul
Zin
The Shining One

Shops:
D:4 ?[:*:   D:6 !   D:7 :

Annotations:
D:9 exclusion: orange crystal statue


Innate Abilities, Weirdness & Mutations

You cannot wear most types of armour.
You are very stealthy in the water.
You are amphibious.
You can wear up to eight rings at the same time.
You can use your tentacles to constrict eight enemies at once.
Your skin changes colour to match your surroundings (Stealth+).
Your rubbery body absorbs attacks. (AC +1, EV +1)


Message History

The barrage of energy hits the wolf.
The wolf is almost dead.
The wolf bites you.
Link gestures at the wolf while chanting.
The wolf resists with some effort.
The wolf bites you!
* * * LOW HITPOINT WARNING * * *
Casting: Magic Dart
Confirm with . or Enter, or press ? or * to list all spells.
Aiming: Magic Dart
Press: ? - help, Shift-Dir - straight line, f/p - wolf
Aim: a wolf (almost dead)
The magic dart hits the wolf.
The wolf is almost dead.
Your battlesphere fires!
The barrage of energy hits the wolf.
The wolf is heavily wounded.
The wolf bites you.
* * * LOW HITPOINT WARNING * * *
The wolf bites you!
You die...

#.....#........#..........##.....
#..<..#.................###......
#.....#......#.........## ##.....
#⌠...⌠#..♣♣#####...R..## #.#+#.
##'''##..♣ #####.## ## ...
.........♣ ###..# #P.. .........♣
####...## #... ♣♣♣♣♣♣♣♣♣♣
#.÷#..#.# #..# #..@R..##
#.+#hh.*# ...%........
+.8.....##.# ##.[.....# #
#.....### ##..... #.....8


You could see the friendly Link the hexer, 2 wolves and a friendly battlesphere.

Vanquished Creatures
  The ghost of Lightli the Thaumaturge, a novice HEFE of Vehumet (D:9)
  Pikel (D:7)
  The ghost of Manman the Cleaver, a novice HOFi (D:8)
  2 komodo dragons (D:8)
  2 trolls (D:10)
  A two-headed ogre (D:9)
  3 blink frogs (Lair:1)
  The ghost of WabbaWook the Slasher, an amateur HaMo (D:4)
  A wyvern (D:9)
  A human (D:8)
  2 yaks (D:8)
  A steam dragon (D:8)
  2 hippogriffs
  3 water moccasins
  An orc warrior (D:10)
  3 slaves (D:7)
  A sky beast (D:9)
  2 black bears (D:8)
  A necrophage (D:10)
  An eye of draining (D:10)
  2 ogres
  3 centaurs
  A crocodile (D:8)
  2 wolves (Lair:1)
  6 giant frogs
  3 scorpions
  5 killer bees (D:8)
  4 wights (D:7)
  4 howler monkeys
  A crimson imp (D:10)
  A giant frog zombie (D:8)
  A quasit (D:5)
  7 hounds
  A giant frog skeleton (D:8)
  2 orc priests
  4 iguanas
  A hexer (D:9)
  8 orc wizards
  10 worker ants
  2 killer bee zombies (D:8)
  7 ancestors
  A hound zombie (D:7)
  Robin (D:4)
  5 gnolls (D:6)
  5 adders
  3 shadow imps
  2 oozes
  2 adder zombies
  A worm (D:4)
  2 dart slugs (D:1)
  7 giant geckos
  22 orcs
  6 bats
  4 giant cockroaches
  21 goblins
  9 hobgoblins
  11 jackals
  3 quokkas
  3 ball pythons
  A giant gecko zombie (D:5)
  8 giant newts
  3 goblin skeletons (D:5)
  12 kobolds
  A kobold skeleton (D:5)
  3 kobold zombies (D:5)
  An orc zombie (D:5)
  13 rats
  A fulminant prism (D:9)
257 creatures vanquished.

Vanquished Creatures (collateral kills)
  A blink frog (Lair:1)
  A yak (D:8)
  An orc warrior (D:9)
  A necrophage (D:9)
  A wolf (Lair:1)
  A big kobold (D:9)
  2 giant frogs
  A howler monkey (D:6)
  A giant frog zombie (D:10)
  A hound (D:7)
  An iguana (D:8)
  An orc wizard (D:6)
  A gnoll (D:6)
  An adder zombie (D:7)
  2 orcs
  A kobold (D:9)
18 creatures vanquished.

Vanquished Creatures (others)
  A wight (D:7)
  2 hexers (D:9)
  4 ancestors
  34 fulminant prisms
41 creatures vanquished.

Grand Total: 316 creatures vanquished

Notes
Turn   | Place    | Note
-------+----------+-------------------------------------------
     0 | D:1      | Drak the Octopode Conjurer began the quest for the Orb.
     0 | D:1      | Reached XP level 1. HP: 11/11 MP: 3/3
   127 | D:1      | Reached XP level 2. HP: 15/17 MP: 3/5
   155 | D:1      | Learned a level 2 spell: Searing Ray
   385 | D:1      | Reached XP level 3. HP: 19/21 MP: 4/7
   407 | D:1      | Learned a level 3 spell: Dazzling Spray
   670 | D:1      | Reached skill level 1 in Hexes
  1192 | D:2      | Reached XP level 4. HP: 27/27 MP: 4/8
  1440 | D:2      | Found a sparkling altar of Nemelex Xobeh.
  2321 | D:4      | Noticed an ogre
  2350 | D:4      | Killed an ogre
  2350 | D:4      | Reached XP level 5. HP: 2/31 MP: 0/9
  2714 | D:4      | Reached XP level 6. HP: 36/36 MP: 4/10
  2782 | D:4      | Found Icevaroa's Magic Scroll Emporium.
  2880 | D:4      | Found Mock's Book Shop.
  2921 | D:4      | Reached skill level 5 in Conjurations
  3068 | D:4      | Noticed Robin
  3104 | D:4      | Killed Robin
  3320 | D:4      | Noticed WabbaWook's ghost (amateur HaMo)
  3350 | D:4      | Reached skill level 6 in Conjurations
  3413 | D:4      | Killed WabbaWook's ghost
  3413 | D:4      | Reached skill level 7 in Conjurations
  3413 | D:4      | Reached XP level 7. HP: 22/41 MP: 3/11
  3618 | D:4      | Found Ikaukh's General Store.
  3621 | D:4      | Bought a potion of curing for 30 gold pieces
  3665 | D:4      | Found Biriasou's Book Boutique.
  3784 | D:4      | Found Guergheol's Armour Emporium.
  3910 | D:5      | Entered Level 5 of the Dungeon
  4043 | D:5      | Learned a level 4 spell: Fulminant Prism
  4370 | D:5      | Found a glowing golden altar of the Shining One.
  4997 | D:6      | Reached XP level 8. HP: 46/46 MP: 2/14
  5605 | D:6      | Found a staircase to the Ecumenical Temple.
  5622 | Temple   | Entered the Ecumenical Temple
  5715 | Temple   | Became a worshipper of Hepliaklqana
  5743 | D:6      | Found Fikunaze's Distillery.
  6219 | D:7      | Noticed Pikel
  6375 | D:7      | Found Besaeble's Book Shoppe.
  6522 | D:7      | Reached skill level 8 in Conjurations
  6660 | D:7      | Killed Pikel
  6660 | D:7      | Reached skill level 9 in Conjurations
  6660 | D:7      | Reached XP level 9. HP: 16/45 MP: 8/15
  6923 | D:7      | Reached skill level 10 in Conjurations
  7355 | D:7      | Reached skill level 1 in Fighting
  7669 | D:8      | Reached * piety under Hepliaklqana
  7691 | D:8      | Noticed Manman's ghost (novice HOFi)
  7793 | D:7      | Learned a level 5 spell: Iskenderun's Battlesphere
  7841 | D:8      | Reached skill level 1 in Charms
  7869 | D:8      | Killed Manman's ghost
  8024 | D:8      | Reached skill level 5 in Spellcasting
  8244 | D:8      | Reached XP level 10. HP: 53/53 MP: 16/19
  8519 | D:8      | Reached skill level 11 in Conjurations
  8781 | D:8      | Found a staircase to the Lair.
  9392 | D:9      | Noticed Lightli's ghost (novice HEFE)
  9398 | D:10     | Entered Level 10 of the Dungeon
  9521 | D:10     | Reached skill level 5 in Dodging
  9638 | D:10     | Reached skill level 1 in Invocations
 10065 | D:10     | Reached ** piety under Hepliaklqana
 10066 | D:10     | Remembered your ancestor Link as a hexer
 10502 | D:9      | Reached XP level 11. HP: 58/60 MP: 11/21
 10719 | D:9      | Killed Lightli's ghost
 10719 | D:9      | Reached skill level 5 in Fighting
 11126 | D:9      | Noticed an orange crystal statue
 11750 | Lair:1   | Entered Level 1 of the Lair of Beasts
 12265 | D:4      | Bought a book of Geomancy for 490 gold pieces
 12269 | D:4      | Learned a level 3 spell: Stone Arrow
 12491 | Lair:1   | Slain by a wolf

Vault maps used:
D:1:      dpeg_arrival_pond
D:2:      first_bread, minmay_misc_feat_ornament, nemelex_spade_bored_becter
D:4:      minmay_door_path, serial_shops, shop, kennysheep_mini_moat, shop,
          nicolae_shop_waterfront, nicolae_shop_statue_plus, feat_on_display,
          uniq_robin
D:5:      dk_vineyard_2, nicolae_tso_besieged_by_evil
D:6:      kennysheep_small_square
D:7:      serial_shops, shop, uniq_pikel
D:8:      erik_lair_dragon, grunt_pizzeria
D:9:      minivault_16
D:10:     billiards_dpeg
Temple:   regret_index_temple_sigil_plot
Lair:1:   grunt_megastairs_4, bh_autumn_forest_stairs, lemuel_fruit_tree,
          uniq_erica

Skill      XL: |  1  2  3  4  5  6  7  8  9 10 11 |
---------------+----------------------------------+-----
Spellcasting   | 3 4 6 7 |  7.9
Hexes          | 2 3 4 |  4.4
Stealth        | 4 |  4.1
Short Blades   | 2 |  2.7
Conjurations   | 7 9 10 11 | 11.0
Dodging        | 3 5 |  5.0
Fighting       | 1 3 6 |  6.1
Charms         | 4 |  4.3
Invocations    | 4 |  4.2

Action                   |  1- 3 |  4- 6 |  7- 9 | 10-12 || total
-------------------------+-------+-------+-------+-------++-------
Melee: Unarmed           |    24 |       |       |       ||    24
       Tentacles         |    10 |     9 |     2 |     4 ||    25
       Constrict         |    11 |    17 |     3 |     3 ||    34
       Dagger            |    18 |    70 |       |       ||    88
       Hand axe          |       |    10 |    16 |     4 ||    30
       Staff             |       |       |     1 |    10 ||    11
       Whip              |       |       |     1 |       ||     1
 Cast: Magic Dart        |    38 |    32 |   118 |   135 ||   323
       Searing Ray       |     3 |     9 |    16 |    12 ||    40
       Dazzling Spray    |       |    15 |     5 |       ||    20
       Fulminant Prism   |       |       |    13 |    22 ||    35
       Iskenderun's Batt |       |       |     1 |    21 ||    22
Invok: Ancestor Identity |       |       |     1 |       ||     1
       Ancestor Life: He |       |       |       |     1 ||     1
       Recall Ancestor   |       |       |       |     2 ||     2
Evoke: Wand              |       |     1 |     6 |       ||     7
  Use: Scroll            |     5 |     1 |     5 |    10 ||    21
       Potion            |       |     3 |     8 |       ||    11
 Stab: Sleeping          |     5 |     3 |       |       ||     8
       Distracted        |     1 |       |     1 |       ||     2
       Invisible         |       |     2 |       |       ||     2
  Eat: Chunk             |     1 |     7 |     9 |    17 ||    34
       Beef jerky        |       |     1 |       |       ||     1
       Fruit             |       |       |     5 |     1 ||     6
       Royal jelly       |       |       |     2 |     1 ||     3
       Pizza             |       |       |     1 |     1 ||     2
Armor: Skin              |     4 |     4 |     1 |     4 ||    13
Dodge: Dodged            |    19 |    67 |    36 |    33 ||   155
